 Dungeon Crawl Stone Soup version 0.29-a0-668-g12ee2bf84d (webtiles) character file.

Game seed: 15005332781201423859

231 dolemite99 the Chopper (level 5, -19/38 (41) HPs)
             Began as a Palentonga Fighter on June 24, 2022.
             Was a Priest of Ru.
             Demolished by an ogre
             ... wielding a +0 giant spiked club
              (23 damage)
             ... on level 6 of the Dungeon.
             The game lasted 00:04:48 (3260 turns).

dolemite99 the Chopper (Palentonga Fighter)         Turns: 3260, Time: 00:04:49

HP:   -19/38 (41)   AC: 10    Str: 21    XL:     5   Next: 73%
MP:   5/5           EV:  3    Int:  9    God:    Ru [***...]
Gold: 64            SH:  9    Dex:  9    Spells: 4/4 levels left

rFire   . . .      SeeInvis +   a - +0 war axe
rCold   . . .      Faith    .   c - +0 buckler
rNeg    . . .      Spirit   .   d - +0 plate armour
rPois   .          Reflect  +   (no helmet)
rElec   .          Harm     .   (no cloak)
rCorr   .          Rampage  .   i - +0 pair of gloves
Will    .....                   (no barding)
Stlth   ..........              m - amulet of reflection
HPRegen 0.12/turn               (no ring)
MPRegen 0.09/turn               (no ring)

@: exhausted, drained
A: large, rugged brown scales 3, see invisible, deformed body, inability to use
devices, unskilled 1, roll 1, armoured tail
a: Rolling Charge, Renounce Religion, Draw Out Power


You were on level 6 of the Dungeon.
You worshipped Ru.
Ru was most pleased with you.
You visited 1 branch of the dungeon, and saw 5 of its levels.

You collected 64 gold pieces.

Inventory:

Hand Weapons
 a - a +0 war axe (weapon)
 g - a +0 bardiche
 q - the +4 dagger "Dizun" {vorpal, rF+}
   (You found it on level 6 of the Dungeon)

   It inflicts extra damage upon your enemies.
   rF:        It protects you from fire.
Missiles
 h - 5 poisoned darts
Armour
 b - a +0 scale mail
 c - a +0 buckler (worn)
 d - a +0 plate armour (worn)
 i - a +0 pair of gloves (worn)
 p - a +0 chain mail
Jewellery
 m - an amulet of reflection (around neck)
Scrolls
 e - 2 scrolls of identify {unknown}
 k - a scroll of enchant armour {unknown}
 n - a scroll of noise {unknown}
 o - a scroll of enchant weapon {unknown}
Potions
 f - a potion of curing
 j - a potion of mutation {unknown}
 l - a potion of brilliance {unknown}
 r - a potion of heal wounds {unknown}


   Skills:
 - Level 2.6 Fighting
 + Level 5.5 Axes
 - Level 2.1 Armour
 - Level 2.4 Shields


You had 4 spell levels left.
You didn't know any spells.
Your spell library contained the following spells:

 Spells                   Type           Power      Damage    Failure   Level
 Confusing Touch          Hex            0%         N/A       100%        3
 Frozen Ramparts          Ice            0%         1d2       100%        3
 Ice Form                 Ice/Tmut       0%         N/A       100%        4
 Summon Ice Beast         Ice/Summ       0%         N/A       100%        4
 Yara's Violent Unravell  Hex/Tmut       0%         3d3       100%        5
 Enfeeble                 Hex            0%         N/A       100%        7


Dungeon Overview and Level Annotations

Branches:
Dungeon (4/15)
 Temple: D:4-7

Altars:
Ru

Shops:
D:3 (


Innate Abilities, Weirdness & Mutations

You are completely covered in rugged brown scales. (AC +3, +7% HP)
You have supernaturally acute eyesight. (SInv)
Armour fits poorly on your strangely shaped body.
You cannot study or use magical devices.
You are somewhat unskilled. (-1 Apt)
You can roll at nearby foes to attack.
You have a long armoured tail.


Message History

There are no items here.
You see here the +4 dagger "Dizun" {vorpal, rF+}.
q - the +4 dagger "Dizun" {vorpal, rF+}
r - a white potion
There are no items here.
You see here a +0 robe.
Found an escape hatch in the ceiling.
An ogre and a sky beast come into view.
The ogre shouts!
Found a stone staircase leading down.
The ogre hits you with a +0 giant spiked club!!
Ouch! That really hurt!
Okay, then.
Roll where?
Press: ? - help, Dir - move target, f - sky beast
Aim: a sky beast You roll forward with a clatter of scales!
You closely miss the sky beast.
You hear a shout! x3; You hear a bark!
You block the sky beast's attack.
Okay, then.
You are restored by drawing out deep reserves of power within.
You feel drained.
The ogre hits you with a +0 giant spiked club!
The sky beast hits you but does no damage.
An orc comes into view. It is wielding a +0 club.
You hit the ogre.
The ogre is lightly wounded.
You closely miss the sky beast.
An orc priest comes into view. It is wielding a +0 hand axe.
You block the ogre's attack. The sky beast hits you. The sky beast shocks you.
You hit the ogre.
The ogre is lightly wounded.
You barely miss the sky beast. The sky beast hits you.
* * * LOW HITPOINT WARNING * * *
The sky beast shocks you.
* * * LOW HITPOINT WARNING * * *
The ogre hits you with a +0 giant spiked club!!
Ouch! That really hurt!
You die...

###########
#.........#
#.#######.## #######.#
#.....#
#...Y@O.####.....#####
#.#...##..............
#.#.##.###.....#####
oo.#....# #.....# ...#
###..######.#### ....
.............### ###
..######......... ..#
#.###..### ### #.#
#..#


You could see a sky beast, an ogre, an orc priest and an orc.

Vanquished Creatures
  An orc priest (D:2)
  2 orc wizards
  3 gnolls (D:3)
  3 adders
  3 worms (D:3)
  3 dart slugs
  4 orcs
  7 endoplasms
  3 giant cockroaches (D:1)
  9 goblins
  9 hobgoblins
  3 quokkas
  7 ball pythons
  7 bats
  A frilled lizard (D:2)
  7 kobolds
  5 rats (D:1)
77 creatures vanquished.

Notes
Turn   | Place    | Note
-------+----------+-------------------------------------------
     0 | D:1      | dolemite99 the Palentonga Fighter began the quest for the
                  | Orb.
     0 | D:1      | Reached XP level 1. HP: 19/19 MP: 1/1
   202 | D:1      | Reached XP level 2. HP: 25/25 MP: 2/2
   206 | D:1      | Found a faded altar of an unknown god.
   213 | D:1      | Reached skill level 3 in Axes
   222 | D:1      | Prayed at the altar of an unknown god.
   222 | D:1      | Became a worshipper of Ru the Awakened
   227 | D:1      | Gained mutation: You cannot study or use magical devices.
                  | [Ru sacrifice]
   227 | D:1      | Reached * piety under Ru
   227 | D:1      | Reached ** piety under Ru
   600 | D:1      | Reached XP level 3. HP: 31/31 MP: 3/3
  1072 | D:2      | Reached skill level 4 in Axes
  1142 | D:2      | Reached XP level 4. HP: 12/37 MP: 4/4
  1637 | D:2      | Reached skill level 5 in Axes
  2531 | D:3      | Reached XP level 5. HP: 42/43 MP: 5/5
  2655 | D:3      | Gained mutation: You are somewhat unskilled. (-1 Apt) [Ru
                  | sacrifice]
  2655 | D:3      | Reached *** piety under Ru
  2674 | D:3      | Found Iwuakip's Weapon Boutique.
  3199 | D:4      | You fall into a shaft and drop 2 floors!
  3206 | D:6      | Identified the +4 dagger "Dizun" {vorpal, rF+}
  3254 | D:6      | Noticed an ogre
  3254 | D:6      | Noticed a sky beast
  3260 | D:6      | Demolished by an ogre

Illustrated notes

Levels and vault maps discovered:
D:1:      nzn_arrival_water_spiral, layout_loops_ring,
          hellmonk_ecumenical_altar_arch_garden, minmay_misc_feat_roman,
          kennysheep_nondescript, dk_noncrumbling_4, minivault_4, minmay_cut_off
D:2:      layout_basic, hangedman_decor_opposing
D:3:      layout_loops_cross, serial_shops, shop, chequers_serial_rivers_marsh,
          st_stairs_12, ebering_dispersal_statue_hall
D:4:      layout_cave_pods, lemuel_tele_altar, cheibriados_altar_1
D:6:      layout_loops_ring, yredelemnul_altar_generic,
          minmay_temple_entry_large_hall, lightli_minifort

Skill      XL: |  1  2  3  4  5 |
---------------+----------------+-----
Axes           | 3 4 5 |  5.5
Fighting       | 2 |  2.6
Armour         | |  2.1
Shields        | |  2.4

Action                   |  1- 3 |  4- 6 || total
-------------------------+-------+-------++-------
Melee: War axe           |    89 |    99 ||   188
       Tailslap          |     5 |    11 ||    16
Invok: Sacrifice Artific |     1 |       ||     1
       Draw Out Power    |       |     1 ||     1
       Sacrifice Skill   |       |     1 ||     1
 Abil: Rolling Charge    |    28 |    11 ||    39
  Use: Potion            |     1 |       ||     1
 Stab: Invisible         |       |     1 ||     1
Armor: Scale mail        |    35 |     9 ||    44
       Plate armour      |       |    40 ||    40
Dodge: Dodged            |    24 |    16 ||    40
Block: Buckler           |    10 |    25 ||    35
       Reflection        |       |     1 ||     1

Table legend: (Time is in decaauts)
 A = Elapsed time spent in this place.
 B = Non-inter-level travel time spent in this place.
 C = Inter-level travel time spent in this place.
 D = Time resting spent in this place.
 E = Time spent auto-exploring this place.
 F = Levels seen in this place.
 G = Mean time per level.
                   A        B        C        D        E       F      G
               +--------+--------+--------+--------+--------+-----+--------+
         Total |   3328 |   3182 |    146 |    630 |   1962 |   5 |  665.6 |
       Dungeon |   3328 |   3182 |    146 |    630 |   1962 |   5 |  665.6 |
               +--------+--------+--------+--------+--------+-----+--------+

Top non-repeatable levels by time:
     D:2: 1375 daAuts
     D:1: 1003 daAuts
     D:3: 888 daAuts
     D:6: 61 daAuts
